 Dungeon Crawl Stone Soup version 0.19-a0-713-g934ebc7 (webtiles) character file.

151 Catbag the Skirmisher (level 5, -3/48 HPs)
             Began as a Minotaur Fighter on June 20, 2016.
             Slain by an orc
             ... wielding a +3 trident of piercing
              (8 damage)
             ... on level 3 of the Dungeon.
             The game lasted 00:01:34 (1596 turns).

Catbag the Skirmisher (Minotaur Fighter)            Turns: 1596, Time: 00:01:35

Health: -3/48      AC:  7    Str: 21    XL:     5   Next: 11%
Magic:  4/4        EV:  7    Int:  5    God:
Gold:   99         SH:  9    Dex: 10    Spells: 0 memorised, 4 levels left

rFire  . . .     SeeInvis .     a - +0 flail
rCold  . . .     Gourm    .     b - +0 scale mail
rNeg   . . .     Faith    .     c - +0 shield
rPois  .         Spirit   .     (helmet restricted)
rElec  .         Dismiss  .     (no cloak)
rCorr  .         Reflect  .     (no gloves)
SustAt .         Harm     .     (no boots)
MR     .....                    (no amulet)
Stlth  ..........               (no ring)
                                (no ring)

@: not resistant to hostile enchantments, extremely unstealthy
A: retaliatory headbutt, horns 2
a: no special abilities


You were on level 3 of the Dungeon.
You were not hungry.

You visited 1 branch of the dungeon, and saw 4 of its levels.

You collected 99 gold pieces.

Inventory:

Hand Weapons
 a - a +0 flail (weapon)
Armour
 b - a +0 scale mail (worn)
 c - a +0 shield (worn)
Jewellery
 n - a +4 ring of intelligence {unknown}
 q - an uncursed amulet of guardian spirit {unknown}
Scrolls
 e - a scroll of blinking {unknown}
 g - 3 scrolls of teleportation {unknown}
 i - 4 scrolls of identify {unknown}
 k - a scroll of recharging {unknown}
 m - 3 scrolls of amnesia {unknown}
 o - a scroll of fear {unknown}
Potions
 d - a potion of might
 j - a potion of berserk rage {unknown}
 l - a potion of heal wounds {unknown}
 r - a potion of resistance {unknown}
Comestibles
 f - 2 bread rations
 h - 3 fruits
 p - a royal jelly


   Skills:
 + Level 5.0 Fighting
 + Level 3.6 Maces & Flails
 + Level 4.6 Armour
 + Level 4.6 Shields


You had 4 spell levels left.
You didn't know any spells.

Dungeon Overview and Level Annotations

Branches:
Dungeon (4/15)
 Temple: D:4-7

Altars:
Fedhas


Innate Abilities, Weirdness & Mutations

You reflexively headbutt those who attack you in melee.
You have a pair of horns on your head.


Message History

The orc hits you but does no damage.
You closely miss the orc.
The orc is lightly wounded.
You block the orc's attack.
Your shield and scale mail prevent you from hitting the orc.
The orc is lightly wounded.
You block the orc's attack.
You barely miss the orc.
The orc is lightly wounded.
The orc hits you with a trident of piercing.
* * * LOW HITPOINT WARNING * * *
x2 The orc hits you with a trident of piercing.
* * * LOW HITPOINT WARNING * * *
x2 You hit the orc but do no damage.
The orc is lightly wounded.
You block the orc's attack.
You barely miss the orc.
The orc is lightly wounded.
The orc hits you with a trident of piercing!
You die...

#.. #..
... ..#
#.# ###+##
#.# #.[...
#.#
#.....##>#
#.....@..#
#....o[###
#.....##
#.....
#.....
######


You could see an orc.

Vanquished Creatures
  A hound (D:4)
  An orc priest (D:4)
  A worker ant (D:4)
  An adder (D:2)
  An adder skeleton (D:4)
  4 dart slugs (D:1)
  5 orcs
  3 giant cockroaches
  2 goblins
  9 hobgoblins
  2 jackals (D:2)
  2 kobolds
  A quokka (D:3)
  2 bats (D:1)
  2 giant newts
  7 rats
44 creatures vanquished.

Notes
Turn   | Place    | Note
--------------------------------------------------------------
     0 | D:1      | Catbag the Minotaur Fighter began the quest for the Orb.
     0 | D:1      | Reached XP level 1. HP: 19/19 MP: 0/0
    62 | D:1      | Reached XP level 2. HP: 27/27 MP: 1/1
   211 | D:1      | Reached skill level 4 in Fighting
   749 | D:1      | Reached XP level 3. HP: 33/33 MP: 2/2
   839 | D:2      | Found a blossoming altar of Fedhas.
  1262 | D:2      | You fall through a shaft for 2 floors!
  1475 | D:4      | Reached XP level 4. HP: 20/41 MP: 3/3
  1561 | D:4      | Reached skill level 5 in Fighting
  1561 | D:4      | Reached XP level 5. HP: 26/48 MP: 4/4
  1596 | D:3      | Slain by an orc

Vault maps used:
D:1:      roderic_dead_forest, kennysheep_pointless_box, serial_bayou_pond_b,
          serial_bayou_pond_d
D:2:      fedhas_altar_2, grunt_temple_overflow_diamond
D:3:      corexii_shack_village, lemuel_coloured_pillars_altar,
          minmay_misc_feat_encased, uniq_natasha
D:4:      nicolae_qazlal_style_of_elements, first_bread

Skill      XL: |  1  2  3  4 |
---------------+-------------+-----
Fighting       | 4 5 |  5.0
Armour         | 4 |  4.6
Shields        | 4 |  4.6
Maces & Flails | 3 |  3.6

Action                   |  1- 3 |  4- 6 || total
-------------------------+-------+-------++-------
Melee: Flail             |    95 |    29 ||   124
       Headbutt          |    14 |     3 ||    17
  Eat: Meat ration       |     1 |       ||     1
Armor: Scale mail        |    49 |    11 ||    60
Dodge: Dodged            |    33 |     8 ||    41
Block: Shield            |    52 |    12 ||    64
